AoeStats
← nesliq9028

Arena

504805557Analyzed
2v2 RM · 27d ago on Sep 6, 2026· 54m 51s· 4 players
Game mode
Random Map
Map size
Medium (4 player)
Population
200
Speed
Normal
Resources
Standard
Victory
Conquest
Starting age
Dark Age
Ending age
Imperial Age
RankedLock teamsTeams togetherTeam positionsShared explorationLock speedFull tech treeHidden civsTurbo modeCheats
Victory
Defeat
🇹🇷 Mongols · Türkiye
858
+15
🇹🇷 Turks · Türkiye
857
+15
🇫🇷 Spanish · France
862
-15
🇳🇱 Cumans · Netherlands
823
-15
Lo. 80%
5:33 Loom
11:03 Feudal Age
12:25 Wheelbarrow
11:37 Double-Bit Axe
11:36 Horse Collar
17:11 Gold Mining
22:09 Castle Age
23:17 Heavy Plow
23:30 Bow Saw
26:15 Hand Cart
29:49 Padded Archer Armor
29:40 Fletching
30:02 Town Watch
29:41 Elite Skirmisher
30:27 Thumb Ring
32:02 Capped Ram
43:08 Imperial Age
40:41 Town Patrol
41:13 Bloodlines
40:29 Light Cavalry
42:20 Ballistics
44:28 Onager
46:25 Chemistry
46:20 Leather Archer Armor
46:01 Bodkin Arrow
46:56 Pikeman
47:37 Squires
whit3shok
11:00 Feudal Age
16:24 Castle Age
15:06 Double-Bit Axe
15:32 Horse Collar
16:31 Stone Mining
19:53 Loom
20:46 Wheelbarrow
20:57 Stone Mining
21:02 Gold Mining
22:31 Heavy Plow
22:47 Bow Saw
25:15 Stone Shaft Mining
29:21 Husbandry
29:52 Ballistics
31:23 Scale Barding Armor
31:43 Forging
36:41 Imperial Age
36:16 Chain Barding Armor
36:32 Iron Casting
36:29 Inquisition
36:08 Pikeman
36:50 Squires
37:13 Scale Mail Armor
38:43 Hoardings
40:56 Elite Conquistador
42:57 Halberdier
46:54 Coinage
54:57 Plate Barding Armor
55:22 Blast Furnace
54:38 Chain Mail Armor
CANAVAR
3:19 Loom
11:46 Feudal Age
13:06 Wheelbarrow
19:30 Castle Age
17:29 Stone Mining
17:32 Gold Mining
17:29 Double-Bit Axe
17:26 Horse Collar
19:04 Fletching
20:36 Hand Cart
21:56 Bow Saw
23:31 Town Watch
29:40 Husbandry
30:03 Bodkin Arrow
31:22 Heavy Plow
32:28 Ballistics
34:00 Gold Shaft Mining
34:00 Stone Shaft Mining
36:30 Imperial Age
34:18 Murder Holes
35:17 Padded Archer Armor
35:32 Bloodlines
36:51 Leather Archer Armor
37:39 Conscription
37:37 Caravan
38:48 Chemistry
39:49 Light Cavalry
40:33 Bracer
40:43 Forging
40:39 Scale Barding Armor
42:31 Town Patrol
43:07 Hussar
45:06 Iron Casting
44:51 Chain Barding Armor
48:52 Elite Mangudai
55:09 Thumb Ring
55:30 Parthian Tactics
nesliq9028
1:37 Loom
12:02 Feudal Age
13:24 Wheelbarrow
13:08 Double-Bit Axe
16:01 Stone Mining
16:02 Gold Mining
20:43 Castle Age
26:34 Scale Barding Armor
37:03 Imperial Age
39:01 Chain Barding Armor
Connection lost

Rejoining the realm…

Still unreachable

The connection could not be restored.

Session expired

The server has moved on; the page needs a fresh start.